AoeStats
← Lacri

Arena

505942233Analyzed
4v4 RM · 20d ago on Sep 11, 2026· 40m 44s· 8 players
Game mode
Random Map
Map size
Large (8 player)
Population
200
Speed
Normal
Resources
Standard
Victory
Conquest
Starting age
Dark Age
Ending age
Imperial Age
RankedLock teamsTeams togetherTeam positionsShared explorationLock speedFull tech treeHidden civsTurbo modeCheats
Victory
Defeat
🇫🇷 Slavs · France
1217
+15
🇺🇸 Celts · United States
1215
+15
🇺🇸 Franks · United States
1162
+17
🇦🇹 Dravidians · Austria
1226
-17
🇦🇷 Berbers · Argentina
1209
-16
🇩🇪 Ethiopians · Germany
1184
-15
🇮🇹 Britons · Italy
1167
-15
American
11:17 Feudal Age
14:49 Castle Age
12:51 Horse Collar
13:36 Double-Bit Axe
15:37 Heavy Plow
15:47 Bow Saw
20:28 Wheelbarrow
22:19 Hand Cart
23:48 Gold Mining
24:00 Stone Mining
24:57 Loom
30:08 Imperial Age
27:47 Scale Barding Armor
27:52 Forging
27:43 Scale Mail Armor
28:59 Ballistics
28:19 Treadmill Crane
28:34 Pikeman
29:31 Chain Mail Armor
29:52 Iron Casting
29:36 Fortified Wall
31:30 Plate Mail Armor
30:35 Heavy Scorpion
31:25 Siege Engineers
32:21 Chemistry
31:36 Furor Celtica
31:47 Conscription
33:14 Blast Furnace
31:56 Halberdier
32:43 Capped Ram
33:53 Siege Ram
GGHatchet
11:01 Feudal Age
13:48 Loom
16:29 Castle Age
16:01 Scale Barding Armor
16:08 Forging
16:26 Double-Bit Axe
22:25 Wheelbarrow
27:53 Chain Barding Armor
28:09 Iron Casting
32:28 Bow Saw
36:30 Imperial Age
34:04 Gold Mining
34:34 Fletching
34:46 Padded Archer Armor
34:13 Light Cavalry
34:55 Husbandry
35:58 Gold Shaft Mining
35:55 Elite Skirmisher
38:27 Conscription
39:01 Cavalier
41:12 Leather Archer Armor
软脚虾5号(p6有机会获得妙卡奶牛)
10:19 Feudal Age
11:13 Double-Bit Axe
14:04 Castle Age
12:09 Horse Collar
15:12 Bow Saw
19:46 Heavy Plow
21:16 Wheelbarrow
23:13 Stone Mining
23:13 Gold Mining
27:30 Imperial Age
24:46 Loom
24:47 Town Watch
26:04 Gold Shaft Mining
26:23 Hand Cart
26:49 Stone Shaft Mining
26:38 Ballistics
26:09 Fletching
26:26 Padded Archer Armor
26:46 Bodkin Arrow
26:52 Padded Archer Armor
28:15 Bloodlines
28:05 Husbandry
28:23 Leather Archer Armor
29:21 Chemistry
29:14 Conscription
29:24 Thumb Ring
29:28 Bracer
30:01 Parthian Tactics
30:54 Siege Engineers
30:44 Onager
32:56 Drill
32:45 Elite Mangudai
34:01 Siege Onager
35:37 Capped Ram
37:18 Hoardings
37:08 Siege Ram
39:49 Caravan
marekh
9:49 Loom
11:35 Feudal Age
13:31 Wheelbarrow
16:13 Castle Age
14:40 Double-Bit Axe
14:38 Horse Collar
22:30 Pikeman
26:05 Husbandry
29:37 Bloodlines
29:48 Heavy Plow
32:00 Scale Barding Armor
32:06 Forging
31:20 Light Cavalry
39:35 Imperial Age
38:35 Chain Barding Armor
[TYN] Shamburger
10:10 Feudal Age
11:58 Double-Bit Axe
15:58 Castle Age
14:46 Loom
16:54 Town Watch
17:55 Wheelbarrow
19:10 Fervor
20:23 Gold Mining
20:23 Stone Mining
20:28 Town Watch
22:53 Gold Shaft Mining
22:08 Stone Mining
22:53 Gold Shaft Mining
22:09 Stone Mining
23:35 Fletching
23:51 Scale Barding Armor
24:39 Bodkin Arrow
27:14 Chain Barding Armor
27:19 Bloodlines
34:35 Imperial Age
32:30 Kasbah
33:08 Forging
34:09 Husbandry
33:33 Light Cavalry
35:32 Ballistics
35:33 Hand Cart
38:03 Hussar
Shaco Shabracco
11:08 Feudal Age
12:01 Double-Bit Axe
14:58 Castle Age
12:59 Horse Collar
14:43 Loom
15:04 Gold Mining
16:17 Bow Saw
16:10 Heavy Plow
17:25 Town Watch
23:21 Stone Mining
24:29 Fletching
24:52 Crossbowman
27:42 Bodkin Arrow
28:44 Scale Barding Armor
30:02 Wheelbarrow
34:00 Hand Cart
34:24 Gold Shaft Mining
37:58 Imperial Age
37:15 Chain Barding Armor
37:07 Forging
37:45 Ballistics
37:54 Husbandry
37:15 Light Cavalry
39:49 Chemistry
锋
10:11 Feudal Age
10:47 Double-Bit Axe
14:33 Castle Age
15:28 Bow Saw
18:09 Loom
21:43 Stone Mining
24:39 Horse Collar
25:11 Gold Mining
26:26 Wheelbarrow
30:14 Imperial Age
28:24 Hand Cart
28:22 Heavy Plow
28:31 Fletching
28:42 Padded Archer Armor
29:09 Town Watch
30:08 Ballistics
29:48 Bodkin Arrow
30:08 Leather Archer Armor
30:35 Masonry
30:39 Town Patrol
30:23 Treadmill Crane
31:09 Bracer
32:12 Chemistry
32:04 Ring Archer Armor
30:59 Crossbowman
32:28 Forging
32:51 Architecture
32:27 Siege Engineers
32:01 Arbalester
32:50 Pikeman
33:32 Squires
33:18 Gambesons
33:28 Elite Skirmisher
34:27 Halberdier
35:45 Conscription
38:04 Iron Casting
37:30 Scale Mail Armor
37:06 Elite Longbowman
38:49 Yeomen
40:38 Blast Furnace
39:54 Chain Mail Armor
39:10 Onager
Lacri
10:54 Feudal Age
14:50 Castle Age
12:55 Double-Bit Axe
13:15 Loom
13:16 Horse Collar
16:00 Bow Saw
20:32 Wheelbarrow
19:48 Town Watch
24:41 Heavy Plow
29:29 Imperial Age
27:03 Gold Mining
27:12 Fletching
27:23 Padded Archer Armor
28:16 Bodkin Arrow
31:10 Chemistry
30:13 Bracer
30:29 Leather Archer Armor
30:37 Ballistics
30:13 Elite Elephant Archer
31:23 Thumb Ring
31:39 Husbandry
33:24 Ring Archer Armor
33:07 Masonry
37:29 Medical Corps
Connection lost

Rejoining the realm…

Still unreachable

The connection could not be restored.

Session expired

The server has moved on; the page needs a fresh start.